AoeStats
← HAN | Roronoa Zoro

Socotra

505119855Analyzed
2v2 RM · 26d ago on Sep 7, 2026· 46m 6s· 4 players
Game mode
Random Map
Map size
Tiny (2 player)
Population
200
Speed
Normal
Resources
Standard
Victory
Conquest
Starting age
Dark Age
Ending age
Imperial Age
RankedLock teamsTeams togetherTeam positionsShared explorationLock speedFull tech treeHidden civsTurbo modeCheats
Victory
Defeat
🇹🇷 Mongols · Türkiye
1198
+16
🇹🇷 Koreans · Türkiye
1154
+18
🇨🇴 Spanish · Colombia
1216
-17
🇨🇱 Koreans · Chile
1190
-17
HAN | Roronoa Zoro
4:30 Loom
9:42 Feudal Age
17:18 Horse Collar
25:01 Castle Age
23:26 Double-Bit Axe
23:35 Stone Mining
25:48 Gold Mining
27:11 Fletching
26:43 Elite Skirmisher
32:15 Heavy Plow
32:29 Bow Saw
35:17 Wheelbarrow
39:21 Imperial Age
39:24 Hand Cart
39:18 Bodkin Arrow
39:31 Thumb Ring
41:18 Ballistics
41:32 Bracer
42:01 Town Watch
44:06 Chemistry
ohyeahbeybi
6:00 Loom
8:25 Feudal Age
20:15 Castle Age
20:31 Double-Bit Axe
21:50 Bloodlines
28:26 Town Watch
31:59 Scale Barding Armor
32:05 Forging
33:16 Fletching
33:27 Padded Archer Armor
34:55 Wheelbarrow
37:58 Imperial Age
36:14 Bodkin Arrow
36:35 Leather Archer Armor
37:52 Hand Cart
39:05 Bracer
40:01 Husbandry
40:45 Conscription
40:47 Elite Steppe Lancer
44:50 Chain Barding Armor
molina_229
0:57 Loom
11:04 Feudal Age
17:36 Loom
24:18 Castle Age
27:43 Wheelbarrow
32:05 Double-Bit Axe
34:05 Horse Collar
39:36 Padded Archer Armor
44:17 Hand Cart
[CDM] Lam
5:50 Loom
10:52 Feudal Age
17:41 Gold Mining
23:06 Castle Age
21:33 Double-Bit Axe
22:39 Fletching
23:52 Gold Mining
23:47 Horse Collar
26:10 Scale Mail Armor
27:43 Chain Mail Armor
28:27 Arson
31:28 Wheelbarrow
31:32 Squires
32:35 Forging
33:50 Hand Cart
34:20 Bow Saw
34:17 Heavy Plow
38:28 Gold Shaft Mining
41:22 Imperial Age
43:30 Bodkin Arrow
45:06 Two-Man Saw
43:34 Elite Skirmisher
Connection lost

Rejoining the realm…

Still unreachable

The connection could not be restored.

Session expired

The server has moved on; the page needs a fresh start.